Map: 瑟拉斯废墟

Players

shengy

  • Race: Zerg Zerg
  • League: Platinum

rezecib - Winner!

  • Race: Zerg Zerg
  • League: Diamond

VOD

Have the link to the VOD?

Description

Time

  • Played on: Dec. 31, 2015, 10:16 p.m.
  • Length: 4:11
Show
View Real Time Build Order
Export as new Build Order

shengy Zerg 

Build Orders: Hatch First 

Get SALT Encoding   

  12  0:01  Drone  
  13  0:09  Drone  
  14  0:17  Overlord  
  14  0:25  Drone, Extractor  
  15  0:37  Drone x2  
  17  0:44  Drone  
  18  0:59  Hatchery  
  17  1:05  Drone  
  17  1:06  Drone, Extractor  
  18  1:23  Spawning Pool  
  18  1:24  Drone  
  18  1:28  Drone  
  19  1:39  Overlord  
  19  2:09  Metabolic Boost  
  19  2:11  Queen  
  19  2:12  Queen  
  19  2:14  Zergling x4  
  25  2:20  Drone  
  25  2:21  Drone  
  27  2:23  Drone  
  28  2:47  Drone  
  27  2:59  Zergling x2  
  27  3:00  Zergling x8  
  30  3:05  Zergling x2  
  30  3:12  Zergling x2  
  31  3:27  Baneling Nest  
  30  3:39  Overlord  
  30  3:40  Overlord  
  30  3:48  Spine Crawler  
Show
View Real Time Build Order
Export as new Build Order

rezecib Zerg - Winner!

Build Orders: Pool First, Zergling Baneling 

Get SALT Encoding   

  12  0:01  Drone  
  13  0:08  Drone  
  14  0:14  Extractor  
  14  0:15  Drone  
  14  0:35  Spawning Pool  
  13  0:38  Drone  
  14  0:46  Overlord  
  14  0:59  Drone, Extractor  
  15  1:05  Drone  
  15  1:06  Drone  
  17  1:22  Queen  
  17  1:24  Metabolic Boost  
  19  1:29  Zergling x2  
  20  1:33  Zergling x2  
  20  1:38  Zergling x2  
  22  1:45  Overlord  
  22  1:56  Overlord  
  22  2:05  Zergling x2  
  23  2:11  Baneling Nest  
  22  2:19  Zergling x2  
  23  2:29  Zergling x2  
  24  2:41  Zergling x6  
  26  3:06  Zergling x10  
  31  3:17  Zergling x2  
  32  3:23  Hatchery  
  31  3:28  Zergling x2  
  31  3:33  Baneling  
  31  3:34  Baneling x6  
  32  3:35  Baneling  
  32  3:41  Zergling x2  
  33  3:45  Zergling x2  
Tags
 
Add a new tag
Caveats
  • Supply blocks, unpowered buildings, or Contaminate may cause inaccurate times.
  • Supply counts are checked every 10 seconds.